 Dungeon Sprint DCSS version 0.19-a0-1568-gdd01aac (webtiles) character file.

9787 poirepourri the Imperceptible (level 11, -1/57 HPs)
             Began as a Spriggan Enchanter on Sept 15, 2016.
             Was the Champion of Dithmenos.
             Slain by a demonic crawler (5 damage)
             ... in the Dungeon (Sprint I: "Red Sonja").
             The game lasted 00:07:58 (1936 turns).

poirepourri the Imperceptible (Spriggan Enchanter)  Turns: 1936, Time: 00:07:59

Health: -1/57      AC:  5    Str:  7    XL:     11   Next: 27%
Magic:  10/35      EV: 28    Int: 22    God:    Dithmenos [******]
Gold:   224        SH:  0    Dex: 20    Spells: 5 memorised, 24 levels left

rFire  . . .     SeeInvis +     a - +1 dagger
rCold  + + .     Gourm    .     j - +2 robe {rF+}
rNeg   . . .     Faith    .     (shield restricted)
rPois  +         Spirit   .     n - +0 hat "Weluxtam" {Dex+4}
rElec  +         Dismiss  .     o - +0 cloak {+Inv}
rCorr  .         Reflect  .     (gloves unavailable)
MR     +....     Harm     .     (boots unavailable)
Stlth  .......... NoTele   +    (no amulet)
                                v - ring "Daerph" {rElec rPois rC+ MP+9 Int+3}
                                k - ring of ice

@: berserking, wreathed by umbra, very quick
A: unfitting armour, see invisible, clumsy 1, herbivore 3, speed 3, frail 2, low
mp 1, slow metabolism 2, weak 1
a: Shadow Step, Shadow Form, Renounce Religion, Evoke Invisibility


You were in the Dungeon.
You worshipped Dithmenos.
Dithmenos was exalted by your worship.
You were not hungry.

You visited 1 branch You collected 1665 gold pieces.
You spent 1441 gold pieces at shops.

Inventory:

Hand Weapons
 a - a +1 dagger (weapon)
 l - a +0 blowgun
 u - the +3 dagger of Deflation {flame, rF+ Str+5}
   (You bought it in a shop in the Dungeon)

   It has been specially enchanted to burn those struck by it, causing extra
   injury to most foes and up to half again as much damage against particularly
   susceptible opponents.
   It affects your strength (+5).
   It protects you from fire.
   Dithmenos disapproves of the use of such an item.
Missiles
 m - 8 curare-tipped needles
Armour
 b - a +1 robe
 j - a +2 robe of fire resistance (worn)
 n - the +0 hat "Weluxtam" (worn) {Dex+4}
   (You bought it in a shop in the Dungeon)

   It affects your dexterity (+4).
 o - a +0 cloak of invisibility (worn)
Jewellery
 k - a ring of ice (left hand)
 v - the ring "Daerph" (right hand) {rElec rPois rC+ MP+9 Int+3}
   (You bought it in a shop in the Dungeon)

   [ring of magical power]

   It affects your intelligence (+3).
   It protects you from cold.
   It insulates you from electricity.
   It protects you from poison.
   It affects your magic capacity (+9).
Scrolls
 t - a scroll of remove curse
Potions
 g - 2 potions of haste
 h - 2 potions of magic
 p - a potion of resistance {unknown}
 s - a potion of flight {unknown}
Books
 c - a book of Maledictions

   Spells                             Type                      Level
   a - Corona                         Hexes                        1
   b - Ensorcelled Hibernation        Hexes/Ice                    2
   c - Confuse                        Hexes                        3
   d - Tukima's Dance                 Hexes                        3
   e - Dazzling Spray                 Conjuration/Hexes            3
 r - a book of Annihilations

   Spells                             Type                      Level
   a - Poison Arrow                   Conjuration/Poison           6
   b - Chain Lightning                Conjuration/Air              8
   c - Lehudib's Crystal Spear        Conjuration/Earth            8
   d - Glaciate                       Conjuration/Ice              9
   e - Fire Storm                     Conjuration/Fire             9
Comestibles
 d - 3 bread rations
 q - 6 fruits


   Skills:
 + Level 0.5 Fighting
 + Level 8.0 Short Blades
 + Level 10.8 Dodging
 + Level 25.4 Stealth
 + Level 13.3 Spellcasting
 + Level 2.1 Conjurations
 + Level 15.9 Hexes
 + Level 1.7 Invocations


You had 24 spell levels left.
You knew the following spells:

 Your Spells              Type           Power        Failure   Level  Hunger
a - Corona                Hex            ######.      0%          1    None
b - Ensorcelled Hibernat  Hex/Ice        ######       1%          2    None
c - Confuse               Hex            ######..     1%          3    None
d - Tukima's Dance        Hex            ######..     1%          3    None
e - Dazzling Spray        Conj/Hex       ######       1%          3    None


Dungeon Overview and Level Annotations

Branches:
Dungeon (1/1)

Altars:
Cheibriados
Dithmenos
Elyvilon
Fedhas
Gozag
Hepliaklqana
Kikubaaqudgha
Makhleb
Nemelex Xobeh
Okawaru
Qazlal
Ru
Sif Muna
Trog
Uskayaw
Vehumet
Xom
Yredelemnul
Zin
The Shining One
Jiyva
Lugonu

Shops:
D :*!%***!:[!:![*[*!%[=


Innate Abilities, Weirdness & Mutations

You are tiny and cannot use many weapons and most armour.
You have supernaturally acute eyesight. (SInv)
You are a herbivore.
You cover ground extremely quickly.
You need consume almost no food.
You are clumsy. (Dex -2)
You are very frail. (-20% HP)
Your magical capacity is low. (-10% MP)
You are weak. (Str -2)


Message History

The demonic crawler hits you. The demonic crawler hits you!
* * * LOW HITPOINT WARNING * * *
The demonic crawler hits you.
* * * LOW HITPOINT WARNING * * *
You hit the demonic crawler.
The demonic crawler is lightly wounded.
The demonic crawler hits you but does no damage.
The demonic crawler barely misses you.
The demonic crawler completely misses you.
The demonic crawler hits you!
* * * LOW HITPOINT WARNING * * *
The demonic crawler completely misses you. x2
You hit the demonic crawler.
The demonic crawler is lightly wounded.
The demonic crawler hits you.
* * * LOW HITPOINT WARNING * * *
The demonic crawler misses you. x2
The demonic crawler completely misses you.
The demonic crawler hits you.
You die...

#########################
#<.#..§§s#§§'..#__#..'..)
#..'.)#§@s§§#..'..'..#...
#..#####s#####'#__####)..
#..####§§#...#.####§§####
#..#__####..##%#§§§§§#..#
#..#_____##'#..'§≈≈=.'..#
#⌠⌠#_.∩...'..._#§§≈.)#..#
####_..__##_.#'##§#####'#
#_____###'#[#§...###.'
############.####'###.###


You could see 3 demonic crawlers.

Vanquished Creatures
  2 centaur warriors (D)
  Sonja (D)
  2 unseen horrors (D)
  A deep troll (D)
  An oklob plant (D)
  8 shining eyes (D)
  2 kobold demonologists (D)
  A slime creature (D)
  Sigmund (D)
  2 redbacks (D)
  A yak (D)
  6 floating eyes (D)
  A wasp (D)
  7 necrophages (D)
  An ogre (D)
  8 jellies (D)
  Ijyb (D)
  5 ballistomycetes (D)
  A ballistomycete spore (D)
52 creatures vanquished.

Vanquished Creatures (others)
  A ballistomycete spore (D)
1 creature vanquished.

Grand Total: 53 creatures vanquished

Notes
Turn   | Place    | Note
-------+----------+-------------------------------------------
     0 | D        | poirepourri the Spriggan Enchanter began the quest for the Orb.
     0 | D        | Reached XP level 1. HP: 9/9 MP: 5/5
     2 | D        | Noticed Ijyb
     8 | D        | Killed Ijyb
     8 | D        | Reached skill level 8 in Stealth
     8 | D        | Reached XP level 2. HP: 10/13 MP: 6/6
    77 | D        | Learned a level 2 spell: Ensorcelled Hibernation
    82 | D        | Noticed an ogre
    92 | D        | Killed an ogre
    92 | D        | Reached skill level 5 in Dodging
    92 | D        | Reached skill level 10 in Stealth
    92 | D        | Reached XP level 3. HP: 16/16 MP: 4/9
    92 | D        | Reached XP level 4. HP: 21/21 MP: 4/11
   159 | D        | Learned a level 3 spell: Confuse
   163 | D        | Learned a level 3 spell: Tukima's Dance
   164 | D        | Noticed Sigmund
   167 | D        | Killed Sigmund
   167 | D        | Reached skill level 12 in Stealth
   167 | D        | Reached skill level 5 in Spellcasting
   167 | D        | Reached XP level 5. HP: 24/24 MP: 12/14
   188 | D        | Learned a level 3 spell: Dazzling Spray
   189 | D        | Found a deep blue altar of Sif Muna.
   191 | D        | Found a radiant altar of Vehumet.
   198 | D        | Reached XP level 6. HP: 12/28 MP: 11/15
   388 | D        | Found Hecemosuss's Food Emporium.
   388 | D        | Found an ancient bone altar of Kikubaaqudgha.
   388 | D        | Found a hazy altar of Hepliaklqana.
   388 | D        | Found a stormy altar of Qazlal.
   388 | D        | Found a hide-covered altar of Uskayaw.
   388 | D        | Found a blossoming altar of Fedhas.
   388 | D        | Found a bloodstained altar of Trog.
   388 | D        | Found an iron altar of Okawaru.
   388 | D        | Found a basalt altar of Yredelemnul.
   388 | D        | Found a glowing golden altar of the Shining One.
   388 | D        | Found a snail-covered altar of Cheibriados.
   388 | D        | Found a sacrificial altar of Ru.
   388 | D        | Found a glowing silver altar of Zin.
   388 | D        | Found a shadowy altar of Dithmenos.
   388 | D        | Found a white marble altar of Elyvilon.
   388 | D        | Noticed a yak
   389 | D        | Found an opulent altar of Gozag.
   390 | D        | Killed a yak
   390 | D        | Reached skill level 14 in Stealth
   390 | D        | Reached skill level 10 in Hexes
   391 | D        | Found a sparkling altar of Nemelex Xobeh.
   399 | D        | Became a worshipper of Dithmenos the Shadowed
   419 | D        | Found a burning altar of Makhleb.
   419 | D        | Found a viscous altar of Jiyva.
   419 | D        | Found a shimmering altar of Xom.
   419 | D        | Found a corrupted altar of Lugonu.
   419 | D        | Noticed a slime creature
   422 | D        | Killed a slime creature
   422 | D        | Reached XP level 7. HP: 32/32 MP: 16/18
   459 | D        | Noticed Sonja
   463 | D        | Killed Sonja
   463 | D        | Reached skill level 16 in Stealth
   463 | D        | Reached XP level 8. HP: 36/36 MP: 18/21
   484 | D        | Noticed a deep troll
   493 | D        | Killed a deep troll
   493 | D        | Reached * piety under Dithmenos
   493 | D        | Reached skill level 5 in Short Blades
   493 | D        | Reached skill level 17 in Stealth
   598 | D        | Found Qevom's Armour Emporium.
   607 | D        | Bought a +2 robe of fire resistance for 230 gold pieces
   607 | D        | Bought the cursed +0 hat "Weluxtam" {Dex+4} for 213 gold pieces
   712 | D        | Noticed a centaur warrior
   714 | D        | Noticed a centaur warrior
   716 | D        | Killed a centaur warrior
   716 | D        | Reached skill level 19 in Stealth
   716 | D        | Reached skill level 10 in Spellcasting
   716 | D        | Reached XP level 9. HP: 39/39 MP: 22/24
   718 | D        | Killed a centaur warrior
   718 | D        | Reached skill level 20 in Stealth
   733 | D        | Reached ** piety under Dithmenos
   733 | D        | Reached skill level 10 in Dodging
   744 | D        | Noticed an oklob plant
   746 | D        | Killed an oklob plant
   795 | D        | Found Keschy's Book Boutique.
   991 | D        | Noticed an unseen horror
   992 | D        | Noticed an unseen horror
   998 | D        | Killed an unseen horror
   998 | D        | Reached *** piety under Dithmenos
   998 | D        | Reached skill level 21 in Stealth
   998 | D        | Reached XP level 10. HP: 44/44 MP: 23/26
  1001 | D        | Killed an unseen horror
  1001 | D        | Reached skill level 22 in Stealth
  1001 | D        | Reached skill level 15 in Hexes
  1016 | D        | Reached **** piety under Dithmenos
  1027 | D        | Reached ***** piety under Dithmenos
  1186 | D        | Found Meulez's Distillery.
  1186 | D        | Found Dotuseme's Assorted Antiques.
  1186 | D        | Found Utiqex's Book Boutique.
  1188 | D        | Found Kiloaxt's Armour Emporium.
  1188 | D        | Found Mookhla's Distillery.
  1188 | D        | Found Warhea Masie's Book Shoppe.
  1188 | D        | Found Arisayd's Distillery.
  1188 | D        | Found Cystrion's Armour Emporium.
  1188 | D        | Found Icoroj's Assorted Antiques.
  1188 | D        | Found Ujum's Armour Shoppe.
  1192 | D        | Found Sekh's Assorted Antiques.
  1195 | D        | Found Xoupoj's Food Emporium.
  1195 | D        | Found Byosogg's Distillery.
  1196 | D        | Found Lotzooj's Jewellery Emporium.
  1204 | D        | Bought a bloodstained dagger for 168 gold pieces
  1207 | D        | Bought the ring "Daerph" {rElec rPois rC+ MP+9 Int+3} for 669 gold pieces
  1286 | D        | Identified the +3 dagger of Deflation {flame, rF+ Str+5} (You bought it in a shop in the Dungeon)
  1379 | D        | Noticed a shining eye
  1379 | D        | Noticed a shining eye
  1379 | D        | Noticed a shining eye
  1380 | D        | Noticed a shining eye
  1380 | D        | Noticed a shining eye
  1380 | D        | Noticed a shining eye
  1380 | D        | Noticed a shining eye
  1380 | D        | Noticed a shining eye
  1397 | D        | Killed a shining eye
  1397 | D        | Reached skill level 23 in Stealth
  1398 | D        | Paralysed by a floating eye for 4 turns
  1401 | D        | Gained mutation: You are frail. (-10% HP) [a shining eye]
  1405 | D        | Killed a shining eye
  1408 | D        | Paralysed by a floating eye for 4 turns
  1415 | D        | Gained mutation: You are very frail. (-20% HP) [a shining eye]
  1419 | D        | Killed a shining eye
  1419 | D        | Reached skill level 24 in Stealth
  1421 | D        | Paralysed by a floating eye for 3 turns
  1428 | D        | Gained mutation: Your magical capacity is low. (-10% MP) [a shining eye]
  1429 | D        | Paralysed by a floating eye for 4 turns
  1432 | D        | Gained mutation: You are clumsy. (Dex -2) [a shining eye]
  1437 | D        | Killed a shining eye
  1437 | D        | Reached ****** piety under Dithmenos
  1437 | D        | Reached skill level 1 in Conjurations
  1438 | D        | Paralysed by a floating eye for 2 turns
  1443 | D        | Paralysed by a floating eye for 4 turns
  1448 | D        | Reached skill level 1 in Invocations
  1516 | D        | Gained mutation: You are weak. (Str -2) [a shining eye]
  1521 | D        | Killed a shining eye
  1521 | D        | Reached XP level 11. HP: 37/37 MP: 16/25
  1741 | D        | Killed a shining eye
  1743 | D        | Killed a shining eye
  1743 | D        | Reached skill level 25 in Stealth
  1745 | D        | Killed a shining eye
  1748 | D        | Found Doniso's General Store.
  1748 | D        | Found Veish's Assorted Antiques.
  1749 | D        | Found Xatong Xeant's General Store.
  1749 | D        | Found Cereihec's Distillery.
  1757 | D        | Bought a +0 cloak of invisibility for 161 gold pieces
  1936 | D        | Slain by a demonic crawler

Vault maps used:
D:        dungeon_sprint_1

Skill      XL: |  1  2  3  4  5  6  7  8  9 10 11 |
---------------+----------------------------------+-----
Short Blades   | 2 3 4 5 6 7 8 |  8.0
Dodging        | 4 5 6 7 8 9 10 | 10.8
Stealth        | 8 10 12 14 16 19 21 24 25 | 25.4
Spellcasting   | 4 5 7 8 10 11 12 13 | 13.3
Hexes          | 6 8 9 10 12 13 14 15 | 15.9
Conjurations   | 1 2 |  2.1
Invocations    | 1 |  1.7
Fighting       | |  0.5

Action                   |  1- 3 |  4- 6 |  7- 9 | 10-12 || total
-------------------------+-------+-------+-------+-------++-------
Melee: Dagger            |     5 |     6 |   110 |    48 ||   169
 Cast: Ensorcelled Hiber |     1 |       |     2 |     8 ||    11
       Confuse           |       |     1 |       |     8 ||     9
       Dazzling Spray    |       |       |     1 |    16 ||    17
Invok: Shadow Step       |       |       |       |     6 ||     6
  Use: Scroll            |       |       |     3 |     1 ||     4
       Potion            |       |       |       |     5 ||     5
 Stab: Sleeping          |     2 |     3 |     9 |    20 ||    34
       Confused          |       |     1 |       |     4 ||     5
       Invisible         |       |       |       |     5 ||     5
       Distracted        |       |       |       |     1 ||     1
Armor: Robe              |       |       |       |     4 ||     4
Dodge: Dodged            |     2 |     1 |     2 |    76 ||    81
